 Dungeon Crawl Stone Soup version 0.29.1-12-g30fa7ad0bf (webtiles) character file.

Game seed: 14771566862588183874

554904 mortz the Conqueror (level 26, -13/193 HPs)
             Began as a Gargoyle Abyssal Knight on Dec 17, 2022.
             Was a High Priest of Lugonu.
             Killed from afar by a purple draconian (16 damage)
             ... with a bolt of dispelling energy
             ... led by a white draconian stormcaller
             ... on level 3 of the Realm of Zot on Dec 22, 2022.
             The game lasted 11:51:44 (86888 turns).

mortz the Conqueror (Gargoyle Abyssal Knight)      Turns: 86888, Time: 11:51:46

Health: -13/193    AC: 70    Str: 34      XL:     26   Next: 44%
Magic:  29/33      EV: 11    Int: 10      God:    Lugonu [*****.]
Gold:   4334       SH: 29    Dex: 11 (12) Spells: 20/25 levels left

rFire   . . .      SeeInvis .   m - +7 war axe "Xafaun" {holy, rF- rN+++ Str+4 Dex+2}
rCold   + . .      Faith    .   A - +10 tower shield of Ignorance {rN+ Int-4}
rNeg    + + +      Spirit   .   c - +7 gold dragon scales
rPois   ∞          Reflect  .   p - +2 helmet {Int+3}
rElec   +          Harm     .   n - +4 dragonskin cloak
rCorr   +          Rampage  .   T - +2 pair of gloves {Stlth+}
Will    +....                   B - +2 pair of boots
Stlth   ..........              Q - amulet of regeneration
HPRegen 1.22/turn               h - ring "Lyclogadd" {rCorr Str+3 Dex+2 Slay+4 Stlth-}
MPRegen 0.23/turn               y - ring of the Tortoise {AC+8}

@: flying, studying Translocations, unable to drink
A: sickness immunity, AC +20, big wings, negative energy resistance 1,
electricity resistance, torment resistance 1, petrification resistance, hooves
1, clumsy 1, deformed body, deterioration 1, dopey 1, subdued magic 3, inability
to drink after injury 2
}: 3/15 runes: decaying, serpentine, abyssal
a: Renounce Religion, Depart the Abyss, Bend Space, Banish, Corrupt, Enter the
Abyss


You were on level 3 of the Realm of Zot.
You worshipped Lugonu.
Lugonu was extremely pleased with you.
You visited 10 branches of the dungeon, and saw 45 of its levels.
You visited the Abyss 11 times.
You visited 1 bazaar.
You visited 1 ziggurat, and saw 11 of its levels.
You also visited: Trove, Ossuary, Gauntlet, Ice Cave and Wizlab.

You collected 8594 gold pieces.
You spent 4260 gold pieces at shops.

Inventory:

Hand Weapons
 a - a +9 morningstar of distortion
 b - a +3 hand crossbow of freezing
 f - the +1 long sword of Abuse {antimagic, rElec Str+6 Int-4 SInv}
   (You found it on level 3 of the Elven Halls)

   It reduces the magical energy of the wielder, and disrupts the spells and
   magical abilities of those it strikes.
   Natural abilities and divine invocations are not affected.
   Str:       It affects your strength (+6).
   Int:       It affects your intelligence (-4).
   rElec:     It insulates you from electricity.
   SInv:      It lets you see invisible.
 k - the +3 war axe "Zeiteph" {freeze, rF++ rN+ Int+3}
   (You found it on level 7 of a ziggurat)

   It freezes those it strikes, dealing additional cold damage.
   It can also slow down cold-blooded creatures.
   Int:       It affects your intelligence (+3).
   rF:        It greatly protects you from fire.
   rN:        It protects you from negative energy.
 m - the +7 war axe "Xafaun" (weapon) {holy, rF- rN+++ Str+4 Dex+2}
   (You took it off a deep elf knight on level 3 of the Elven Halls)

   It has been blessed by the Shining One to cause great damage to the undead
   and demons.
   Str:       It affects your strength (+4).
   Dex:       It affects your dexterity (+2).
   rF:        It makes you vulnerable to fire.
   rN:        It renders you almost immune to negative energy.
 z - a +7 quick blade
 V - the +8 Vampire's Tooth {vamp}
   (You found it on level 6 of a ziggurat)

   It occasionally heals its wielder for the full amount of damage dealt when it
   wounds a living foe.
Missiles
 s - 9 silver javelins (quivered)
Armour
 c - +7 gold dragon scales (worn)
 n - the +4 dragonskin cloak (worn)
   (You took it off Tiamat on level 1 of the Realm of Zot)

   It grants the wearer a chance to resist fire, cold, poison, electricity,
   acid, and negative energy.
 p - a +2 helmet of intelligence (worn)
 A - the +10 tower shield of Ignorance (worn) {rN+ Int-4}
   (You found it on level 5 of a ziggurat)

   Int:       It affects your intelligence (-4).
   rN:        It protects you from negative energy.
 B - a +2 pair of boots (worn)
 T - a +2 pair of gloves of stealth (worn)
Jewellery
 h - the ring "Lyclogadd" (left hand) {rCorr Str+3 Dex+2 Slay+4 Stlth-}
   (You found it on level 3 of the Elven Halls)

   [ring of resist corrosion]

   Str:       It affects your strength (+3).
   Dex:       It affects your dexterity (+2).
   Slay:      It affects your accuracy & damage with ranged weapons and melee
   (+4).
   rCorr:     It protects you from acid and corrosion.
   Stlth:     It makes you less stealthy.
 u - the ring of the Cockroach {rC+ Int+3 Slay+4 Stlth-}
   (You found it on level 3 of the Elven Halls)

   [ring of slaying]

   Int:       It affects your intelligence (+3).
   Slay:      It affects your accuracy & damage with ranged weapons and melee
   (+4).
   rC:        It protects you from cold.
   Stlth:     It makes you less stealthy.
 y - the ring of the Tortoise (right hand) {AC+8}
   (You found it in a treasure trove)

   [ring of protection]

   AC:        It affects your AC (+8).
 M - the ring of Senut {rF+ Will+}
   (You found it in a treasure trove)

   [ring of protection from fire]

   rF:        It protects you from fire.
   Will:      It increases your willpower.
 P - the amulet of Piusu {Reflect rC++ Slay+2 SH+5}
   (You found it in a treasure trove)

   [amulet of reflection]

   It reflects blocked missile attacks.
   Slay:      It affects your accuracy & damage with ranged weapons and melee
   (+2).
   rC:        It greatly protects you from cold.
   SH:        It affects your SH (+5).
 Q - an amulet of regeneration (around neck)
 R - a ring of the Octopus King {Wiz HP+2 AC+2 EV+2 SH+2}
   (You found it on level 13 of the Dungeon)

   [ring of wizardry]

   It improves your spell success rate.
   AC:        It affects your AC (+2).
   EV:        It affects your evasion (+2).
   HP:        It affects your health (+2).
   SH:        It affects your SH (+2).
 Z - a ring of see invisible
Wands
 r - a wand of roots (53)
 D - a wand of flame (45)
 E - a wand of paralysis (37)
 I - a wand of mindburst (27)
 J - a wand of digging (15)
 X - a wand of light (29)
Scrolls
 g - 24 scrolls of teleportation
 j - 8 scrolls of vulnerability
 q - 7 scrolls of butterflies
 w - 7 scrolls of summoning
 x - 10 scrolls of fear
 K - 8 scrolls of blinking
 S - 5 scrolls of magic mapping
 W - 5 scrolls of immolation
Potions
 d - 7 potions of lignification
 e - 24 potions of curing
 i - a potion of invisibility
 l - 5 potions of might
 o - 3 potions of ambrosia
 t - 2 potions of cancellation
 v - 12 potions of heal wounds
 C - 13 potions of attraction
 G - 14 potions of mutation
 N - 3 potions of resistance
 O - 2 potions of haste
Miscellaneous
 Y - a phantom mirror


   Skills:
 O Level 27 Fighting
 - Level 6.7 Short Blades
 - Level 11.5(14.4) Axes
 - Level 15.4(17.6) Maces & Flails
 - Level 6.7(12.0) Staves
 + Level 14.3 Ranged Weapons
 + Level 2.1 Throwing
 * Level 21.6 Armour
 + Level 16.3 Dodging
 - Level 18.5 Shields
 - Level 4.0 Conjurations
 - Level 4.0 Hexes
 - Level 14.0 Invocations


You had 20 spell levels left.
You knew the following spells:

 Your Spells              Type           Power      Damage    Failure   Level
a - Apportation           Tloc           0%         N/A       99%         1
b - Fulminant Prism       Conj/Hex       2%         3d6       100%        4

Your spell library contained the following spells:

 Spells                   Type           Power      Damage    Failure   Level
 Magic Dart               Conj           16%        1d3       65%         1
 Slow                     Hex            16%        N/A       65%         1
 Searing Ray              Conj           8%         2d4       80%         2
 Shock                    Conj/Air       8%         1d3       91%         1
 Confusing Touch          Hex            4%         N/A       96%         3
 Dazzling Flash           Conj/Hex       8%         N/A       96%         3
 Tukima's Dance           Hex            4%         N/A       96%         3
 Ensorcelled Hibernation  Hex/Ice        4%         N/A       98%         2
 Static Discharge         Conj/Air       2%         3-4/arc   98%         2
 Beastly Appendage        Tmut           0%         N/A       99%         1
 Necrotise                Necr           0%         1d4       99%         1
 Sting                    Tmut/Pois      0%         1d3       99%         1
 Summon Small Mammal      Summ           0%         N/A       99%         1
 Blink                    Tloc           0%         N/A       100%        2
 Call Imp                 Summ           0%         N/A       100%        2
 Passwall                 Tmut/Erth      0%         N/A       100%        2
 Poisonous Vapours        Pois/Air       0%         N/A       100%        2
 Scorch                   Fire           0%         2d5       100%        2
 Wereblood                Tmut           0%         N/A       100%        2
 Frozen Ramparts          Ice            0%         1d1       100%        3
 Gell's Gravitas          Tloc           0%         N/A       100%        3
 Ignite Poison            Fire/Tmut/Pois 0%         N/A       100%        3
 Lesser Beckoning         Tloc           0%         N/A       100%        3
 Mephitic Cloud           Conj/Pois/Air  1%         N/A       100%        3
 Portal Projectile        Hex/Tloc       4%         N/A       100%        3
 Spider Form              Tmut/Pois      0%         N/A       100%        3
 Stone Arrow              Conj/Erth      4%         3d7       100%        3
 Summon Guardian Golem    Hex/Summ       2%         N/A       100%        3
 Swiftness                Air            0%         N/A       100%        3
 Teleport Other           Tloc           0%         N/A       100%        3
 Airstrike                Air            0%         2d(0-16)  100%        4
 Anguish                  Hex/Necr       1%         N/A       100%        4
 Animate Armour           Summ/Erth      0%         N/A       100%        4
 Animate Dead             Necr           0%         N/A       100%        4
 Dispel Undead            Necr           0%         3d6       100%        4
 Flame Wave               Conj/Fire      2%         2d4       100%        4
 Hailstorm                Conj/Ice       2%         3d3       100%        4
 Ice Form                 Ice/Tmut       0%         N/A       100%        4
 Olgreb's Toxic Radiance  Pois           0%         N/A       100%        4
 Passage of Golubria      Tloc           0%         N/A       100%        4
 Petrify                  Tmut/Erth      0%         N/A       100%        4
 Summon Ice Beast         Ice/Summ       0%         N/A       100%        4
 Summon Lightning Spire   Summ/Air       0%         N/A       100%        4
 Alistair's Intoxication  Tmut/Pois      0%         N/A       100%        5
 Blade Hands              Tmut           0%         N/A       100%        5
 Borgnjor's Vile Clutch   Necr/Erth      0%         N/A       100%        5
 Fireball                 Conj/Fire      1%         3d3       100%        5
 Irradiate                Conj/Tmut      1%         3d12      100%        5
 Iskenderun's Battlesphe  Conj           4%         2d6       100%        5
 Lightning Bolt           Conj/Air       1%         1d12      100%        5
 Manifold Assault         Tloc           0%         N/A       100%        5
 Silence                  Hex/Air        1%         N/A       100%        5
 Summon Forest            Summ/Tloc      0%         N/A       100%        5
 Summon Mana Viper        Hex/Summ       2%         N/A       100%        5
 Yara's Violent Unravell  Hex/Tmut       1%         3d3       100%        5
 Conjure Ball Lightning   Conj/Air       1%         3x3d6     100%        6
 Death Channel            Necr           0%         N/A       100%        6
 Eringya's Noxious Bog    Tmut/Pois      0%         N/A       100%        6
 Iron Shot                Conj/Erth      1%         9d1       100%        6
 Simulacrum               Ice/Necr       0%         N/A       100%        6
 Starburst                Conj/Fire      1%         6d3       100%        6
 Summon Cactus Giant      Summ           0%         N/A       100%        6
 Dragon Form              Tmut           0%         N/A       100%        7
 Enfeeble                 Hex            2%         N/A       100%        7
 Haunt                    Necr/Summ      0%         N/A       100%        7
 Malign Gateway           Summ/Tloc      0%         N/A       100%        7
 Monstrous Menagerie      Summ           0%         N/A       100%        7
 Orb of Destruction       Conj           2%         9d5       100%        7
 Spellforged Servitor     Conj/Summ      1%         N/A       100%        7
 Storm Form               Tmut/Air       0%         N/A       100%        7
 Discord                  Hex            2%         N/A       100%        8
 Disjunction              Tloc           0%         N/A       100%        8
 Ignition                 Fire           0%         3d3       100%        8
 Infestation              Necr           0%         N/A       100%        8
 Lehudib's Crystal Spear  Conj/Erth      1%         10d2      100%        8
 Maxwell's Capacitive Co  Air            0%         ∞         100%        8
 Summon Horrible Things   Summ           0%         N/A       100%        8
 Chain Lightning          Conj/Air       1%         3d1       100%        9
 Fire Storm               Conj/Fire      1%         7d1       100%        9
 Shatter                  Erth           0%         3d5*      100%        9
 Sublimation of Blood     Necr           Unusable   N/A       N/A         2

Dungeon Overview and Level Annotations

Branches:
Dungeon (15/15) Zot: 19994  Temple (1/1) D:4 Zot: 5821    Lair (5/5) D:10 Zot: 22779
  Swamp (4/4) Lair:3 Zot: 18452   Snake (4/4) Lair:2 Zot: 18834   Slime (0/5) Lair:5
    Orc (2/2) D:11 Zot: 8859     Elf (3/3) Orc:2 Zot: 9990  Vaults (4/5) D:14 Zot: 11721
  Crypt (0/3) Vaults:3     Depths (4/4) D:15 Zot: 14306     Zot (3/5) Depths:4 Zot: 14572
Ossuary (visited)           IceCv (visited)          WizLab (visited)
Gauntlet (visited)

Altars:
Ashenzari
Cheibriados
Elyvilon
Fedhas
Gozag
Hepliaklqana
Kikubaaqudgha
Makhleb
Nemelex Xobeh
Okawaru
Qazlal
Ru
Sif Muna
Trog
Vehumet
Xom
Yredelemnul
Zin
The Shining One
Jiyva

Shops:
D:10 =*   D:13 *   Orc:2 (((?![   Elf:1 *((*?   Elf:2 *   Elf:3 [   Vaults:1 *

Portals:
Hell: Depths:1 Depths:2 Depths:3 Depths:4
Abyss: D:5 Depths:1 Depths:3
Pandemonium: Depths:2 Depths:3 Depths:4

Annotations:
D:14 Roxanne
Elf:3 corrupted
Depths:1 stash
Depths:2 corrupted
Depths:4 corrupted, exclusion: ice statue
Zot:1 3 runed translucent doors, Pooter's ghost, veteran MiBe
Abyss:1 Asterion; Joseph's ghost, novice DrHu; TheSexyCheese's ghost, adept HOFi; Xtahua


Innate Abilities, Weirdness & Mutations

You are immune to sickness and miasma.
Your stone body is resilient. (AC +20)
You are immune to poison.
Your large and strong wings let you fly.
You resist negative energy. (rN+)
You are resistant to electric shocks. (rElec)
You are resistant to unholy torment.
You are immune to petrification.
You have large cloven feet.
You are clumsy. (Dex -2)
Armour fits poorly on your strangely shaped body.
Your body sometimes deteriorates upon taking damage.
You are dopey. (Int -2)
Your spells are much easier to cast, but much less powerful.
You sometimes lose the ability to drink potions when taking damage.


Message History

The black draconian knight's magical effects unravel!
You closely miss the purple draconian.
The purple draconian is almost dead.
You barely miss the purple draconian shifter.
You slash the green draconian monk!
You kill the green draconian monk!
Lugonu accepts your kill.
You completely miss the black draconian knight.
The purple draconian shifter points at you and mumbles some strange words.
You struggle to resist.
The black draconian knight gestures wildly while chanting.
The black draconian knight seems to speed up.
Press: ? - help, Shift-Dir - straight line, f - black draconian knight
Aim: a black draconian knight, wielding a +0 long sword and wearing a +2 cloak (heavily wounded, fast, chance to affect: 76%)
The black draconian knight is devoured by a tear in reality.
Lugonu claims a new guest.
You cannot drink potions in your current state!
Unknown command.
Space bends violently around you!
You blink.
The purple draconian shifter blinks! x2
The purple draconian shifter gestures at you while chanting.
You feel firmly anchored in space.
As you read the scroll of summoning, it crumbles to dust.
Wisps of shadow whirl around you...
The purple draconian breathes dispelling energy at you.
The bolt of dispelling energy hits you!!!
Your magical effects are unravelling.
* * * LOW HITPOINT WARNING * * *
Your body deteriorates!
You feel clumsy.
The bolt of dispelling energy hits your death cob!!!
You cannot drink potions in your current state!
Unknown command.
Okay, then.
You are no longer firmly anchored in space.
Your death cob hits the purple draconian.
Your death cob drains the purple draconian's vigour!
The purple draconian seems to slow down.
The purple draconian breathes dispelling energy at you.
The bolt of dispelling energy hits you!
You die...

,,,*
#......#,,,,*####....
,,,* *#.....#,,,**
##### ,,,*
##.....##*** ,,,*
#...)§).# ,,,*
#...).[.# ,,,*
#...))..# ,,,*
##.Dzd### **** #...z#
#..@.# #....#
#..q.###############
##..............†....
#....................
#....................
#...#......##########
########...# #..[#


You could see a purple draconian (slow, catching breath, ally target), a purple
draconian shifter, a friendly storm dragon (summoned) and 2 friendly death cobs.

Vanquished Creatures
  Tiamat (Zot:1)
  An orb of fire (Zot:3)
  A juggernaut (Zig:2)
  4 Killer Klowns (Zot:2)
  A shard shrike (Zig:4)
  Bai Suzhen (Vaults:3)
  A curse toe (Zot:3)
  Vashnia (Snake:4)
  Saint Roka (Vaults:2)
  The ghost of Heg Cuhi the Slayer, an adept MiFi of Okawaru (Elf:3)
  3 golden dragons
  An electric golem (Depths:4)
  A hellephant (Zot:2)
  Rupert (D:14)
  Jorgrun (D:13)
  5 tentacled monstrosities
  The ghost of PhantomBowie the Warrior, an adept GrBe of Trog (Vaults:1)
  A walking earthen tome (Depths:3)
  3 liches
  5 deep elf blademasters
  2 acid blobs (Zig:10)
  4 quicksilver dragons
  A walking frostbound tome (Depths:3)
  A thorn hunter (Swamp:4)
  7 sphinxes
  Frances (Snake:2)
  3 tentacled starspawn
  Kirke (D:13)
  2 death cobs (Zot:1)
  7 draconian monks
  8 storm dragons
  The ghost of kingsuperguy the Bludgeoner, an adept MiBe of Trog (Elf:1)
  5 nagarajas
  6 shadow dragons
  2 tengu reavers
  Louise (Depths:3)
  An azure jelly (Zig:10)
  3 iron dragons
  A nargun (Zig:4)
  10 deep elf sorcerers
  A revenant (Zig:1)
  2 frost giants
  6 orc warlords
  7 vault wardens
  Aizul (Snake:4)
  11 fire giants
  6 draconian stormcallers
  5 draconian scorchers
  6 draconian annihilators
  4 deep elf elementalists (Elf:3)
  5 ghost moths
  15 ironbound preservers
  2 draconian shifters (Depths:4)
  16 very ugly things
  6 spriggan defenders
  4 quicksilver oozes
  A demonspawn corrupter (WizLab)
  8 stone giants
  6 vampire knights
  Azrael (Abyss:3)
  2 deep elf demonologists (Elf:3)
  4 ironbound thunderhulks
  Nessos (Abyss:3)
  7 green draconians
  2 eleionomae
  13 purple draconians
  9 deep elf annihilators
  A lorocyproca (Depths:2)
  5 white draconians
  8 yellow draconians
  2 entropy weavers
  6 black draconians
  2 bunyips
  10 spark wasps
  10 red draconians
  The ghost of DandyGuy the Severer, a journeyman MiBe of Trog (D:12)
  2 merfolk impalers
  9 dire elephants
  Snorg (Lair:4)
  8 ettins
  2 blizzard demons
  3 deep elf death magi (Elf:3)
  8 yaktaur captains
  A shambling mangrove (Swamp:4)
  8 fire dragons
  5 great orbs of eyes
  7 boulder beetles
  9 deep elf high priests
  Fannar (Orc:1)
  2 rakshasas (Depths:1)
  The ghost of Jod the Severer, a journeyman MiFi of Cheibriados (D:12)
  A ghost crab (Swamp:3)
  9 vault guards
  4 ogre magi
  7 spriggan air magi
  6 hydras
  Erolcha (D:11)
  3 salamander tyrants
  2 catoblepae
  2 merfolk aquamancers
  6 ironbound frosthearts
  8 ice dragons
  13 centaur warriors
  14 two-headed ogres
  8 anacondas
  22 dancing weapons
  5 deep troll shamans
  10 alligators
  3 death yaks
  15 naga warriors
  3 tengu warriors
  2 thrashing horrors (Abyss:3)
  2 orc high priests
  5 spriggan berserkers
  2 hell hogs
  9 deep troll earth magi
  2 vampire magi (Vaults:3)
  19 hell knights
  3 soul eaters (Depths:4)
  9 shock serpents
  Sonja (Lair:5)
  17 deep elf knights
  16 naga sharpshooters
  4 sun demons
  3 skeletal warriors (Depths:4)
  3 goliath frogs
  51 deep trolls
  7 iron trolls
  3 salamander mystics
  A flayed ghost (Depths:1)
  2 death drakes (Zig:11)
  2 large abominations (Abyss:3)
  7 spriggan druids
  A sea snake (Zig:5)
  A sixfirhy (Depths:3)
  4 naga ritualists
  A quicksilver dragon simulacrum (Depths:4)
  3 glowing orange brains
  An orb spider (Zig:8)
  11 swamp dragons
  23 deep elf zephyrmancers
  6 bog bodies
  An orange crystal statue (Vaults:2)
  4 spectral hydras (Swamp:4)
  25 deep elf pyromancers
  6 deep elf archers
  4 phantasmal warriors
  17 ironbound convokers
  17 wizards
  5 orc knights
  A harpy (Vaults:4)
  6 lindwurms (Vaults:1)
  4 mana vipers
  A shadow dragon zombie (Vaults:1)
  8 necromancers
  2 wolf spiders (Zig:8)
  2 oklob plants (Swamp:4)
  5 manticores
  10 orc sorcerers
  6 cyclopes
  8 salamanders
  2 worldbinders (WizLab)
  44 ugly things
  4 shining eyes (Zig:10)
  A cyclops (shapeshifter) (Depths:4)
  A stone giant zombie (Vaults:1)
  16 elephants
  26 black mambas
  A water nymph (shapeshifter) (Depths:2)
  2 smoke demons
  15 moths of wrath
  6 naga magi
  An ice statue (IceCv)
  4 guardian serpents (Snake:4)
  3 gargoyles
  14 vault sentinels
  2 hellions (Zig:4)
  A merfolk siren (Zig:5)
  An eye of devastation (Gauntlet)
  16 cane toads
  2 unseen horrors (D:12)
  2 kobold demonologists (D:13)
  42 yaktaurs
  An efreet (D:12)
  A demonic crawler (Zig:8)
  2 freezing wraiths
  8 komodo dragons
  9 rime drakes
  4 ice devils
  5 tengu conjurers
  2 hydra zombies (Swamp:4)
  A spectral death drake (Swamp:4)
  An ancient zyme (Abyss:3)
  4 merfolk (Zig:5)
  A polar bear (Lair:5)
  2 wind drakes (Zig:5)
  3 death drake zombies (Swamp:4)
  A bloated husk (Swamp:4)
  A merfolk (shapeshifter) (Depths:3)
  8 trolls
  2 raiju
  11 tyrant leeches
  A tarantella (shapeshifter) (D:15)
  A snapping turtle (Zig:5)
  16 hornets
  2 tarantellas
  6 dream sheep (Lair:4)
  A death drake skeleton (Swamp:4)
  45 slime creatures
  A wind drake (shapeshifter) (D:15)
  12 blink frogs
  4 air elementals
  A hydra skeleton (Swamp:4)
  A jumping spider (Vaults:4)
  3 flying skulls (Gauntlet)
  2 wraiths
  18 spriggans
  17 wyverns
  A dire elephant simulacrum (IceCv)
  7 water elementals
  2 shadows
  Eustachio (D:4)
  5 fire elementals
  42 yaks
  Grum (D:11)
  4 hogs (D:13)
  6 basilisks
  3 golden eyes
  Menkaure (D:6)
  6 humans (Zot:2)
  A redback (Vaults:2)
  15 swamp worms
  4 steam dragons
  8 wargs
  33 nagas
  6 hell hounds
  5 acid dragons
  9 water moccasins
  3 floating eyes
  45 orc warriors
  4 hydra simulacra
  11 swamp drakes
  A black bear (D:6)
  A human skeleton (Vaults:1)
  4 ettin simulacra (Depths:4)
  A swamp dragon skeleton (Swamp:4)
  4 boggarts (Vaults:3)
  2 wolves (D:11)
  12 centaurs
  21 ogres
  2 elf zombies (Ossuary)
  10 bullfrogs
  6 kobold brigands
  A small abomination (Abyss:3)
  4 two-headed ogre simulacra (IceCv)
  3 scorpions
  2 earth elementals
  4 cane toad simulacra (IceCv)
  3 necrophages
  17 wights
  An elephant simulacrum (IceCv)
  8 killer bees
  2 electric eels
  2 howler monkeys (D:8)
  2 hounds (D:6)
  2 quasits
  A starcursed mass (Abyss:4)
  A human simulacrum (Vaults:1)
  23 orc priests
  A centaur zombie (Ossuary)
  A gnoll bouda (D:7)
  7 iguanas
  36 orc wizards
  Natasha (thrice) (D:2)
  2 hell rats (D:15)
  4 polar bear simulacra (IceCv)
  5 spriggan simulacra (IceCv)
  4 troll simulacra (IceCv)
  2 wolf simulacra (IceCv)
  2 mummies (Ossuary)
  4 naga simulacra (IceCv)
  13 adders
  4 gnolls (D:7)
  2 shadow imps (D:5)
  7 white imps
  11 ufetubi
  5 worms
  6 dart slugs
  81 orcs
  3 bats
  4 endoplasms
  3 giant cockroaches
  19 goblins
  5 hobgoblins
  15 jackals
  2 quokkas
  11 ball pythons
  4 frilled lizards
  A goblin zombie (Ossuary)
  10 hobgoblin zombies (Ossuary)
  2 jackal zombies (Ossuary)
  17 kobolds
  13 kobold zombies (Ossuary)
  6 orc zombies (Ossuary)
  5 rats
  2 rat zombies (Ossuary)
  2 briar patches (Swamp:4)
1951 creatures vanquished.

Vanquished Creatures (collateral kills)
  An orc warlord (Abyss:3)
  An ironbound convoker (Vaults:4)
  An orc knight (Vaults:1)
3 creatures vanquished.

Vanquished Creatures (others)
  A golden dragon (Depths:4)
  A balrug (Depths:4)
  A ghost moth (Zig:8)
  3 demonspawn corrupters (WizLab)
  An entropy weaver (Zig:8)
  A yellow draconian (Depths:4)
  A deep elf annihilator (Elf:3)
  A deep elf death mage (Elf:3)
  2 deep elf high priests (Elf:3)
  An alligator (Swamp:1)
  A dancing weapon (Elf:3)
  2 naga sharpshooters
  A hell knight (Depths:4)
  A spectral bunyip (Swamp:4)
  A flayed ghost (Depths:4)
  A quicksilver dragon simulacrum (Depths:4)
  A wizard (WizLab)
  A deep elf archer (Elf:1)
  A bog body (Swamp:4)
  A worldbinder (WizLab)
  An efreet (Abyss:3)
  A freezing wraith (Depths:4)
  A bunyip simulacrum (Swamp:4)
  A spectral death drake (Swamp:4)
  2 bloated husks (Swamp:4)
  A wind drake (Zig:11)
  A tyrant leech (Swamp:3)
  A raiju (Abyss:4)
  An acid dragon (Zig:11)
  An ettin simulacrum (Depths:4)
  A bush (Lair:5)
  36 fungi
  119 plants
  35 starspawn tentacles
  5 toadstools (D:15)
  3 withered plants (D:12)
234 creatures vanquished.

Grand Total: 2188 creatures vanquished

Notes
Turn   | Place    | Note
-------+----------+-------------------------------------------
     0 | Abyss:1  | mortz the Gargoyle Abyssal Knight began the quest for the
                  | Orb.
     0 | Abyss:1  | Reached XP level 1. HP: 14/14 MP: 2/2
     1 | D:1      | Escaped the Abyss
   190 | D:1      | Reached XP level 2. HP: 19/19 MP: 3/3
   557 | D:1      | Reached XP level 3. HP: 16/24 MP: 4/4
   970 | D:2      | Noticed Natasha
   977 | D:2      | Killed Natasha
   977 | D:2      | Reached *** piety under Lugonu
   978 | D:2      | Reached XP level 4. HP: 12/29 MP: 5/5
  1165 | D:2      | Reached skill level 4 in Fighting
  1298 | D:2      | Noticed Natasha
  1312 | D:2      | Killed Natasha
  1519 | D:2      | Reached XP level 5. HP: 33/33 MP: 6/6
  1586 | D:2      | Noticed Natasha
  1598 | D:2      | Killed Natasha
  2717 | D:3      | Reached XP level 6. HP: 15/39 MP: 7/7
  2728 | D:3      | HP: 1/39 [something/puff of flame (8)]
  3051 | D:3      | Found a faded altar of an unknown god.
  3212 | D:3      | Reached **** piety under Lugonu
  4043 | D:4      | Noticed Eustachio
  4043 | D:4      | Found a staircase to the Ecumenical Temple.
  4223 | D:4      | Found a glowing golden altar of the Shining One.
  4305 | Temple   | Entered the Ecumenical Temple
  4322 | Temple   | Reached skill level 5 in Maces & Flails
  4677 | D:4      | Killed Eustachio
  4678 | D:4      | Reached skill level 5 in Fighting
  4678 | D:4      | Reached XP level 7. HP: 32/44 MP: 9/9
  4808 | D:4      | HP: 1/44 [iguana (7)]
  6043 | D:4      | Found a glowing golden altar of the Shining One.
  6125 | D:4      | Found a staircase to the Ecumenical Temple.
  6608 | D:5      | Entered Level 5 of the Dungeon
  6733 | D:5      | Found a transporter.
  6737 | D:5      | Found a transporter.
  7171 | D:5      | Found a sacrificial altar of Ru.
  7275 | D:5      | Reached XP level 8. HP: 44/50 MP: 11/11
  7533 | D:5      | Noticed Joseph's ghost (novice DrHu)
  7582 | D:6      | Noticed Menkaure
  7747 | D:6      | Reached skill level 5 in Armour
  7762 | D:6      | Reached skill level 6 in Fighting
  7938 | D:6      | Found a glowing silver altar of Zin.
  8097 | D:6      | Found an opulent altar of Gozag.
  8192 | D:6      | Noticed a hornet
  8198 | D:6      | Found a sand-covered staircase.
  8202 | Ossuary  | Entered an ossuary
  8356 | Ossuary  | Reached ***** piety under Lugonu
  8537 | Ossuary  | Reached skill level 5 in Invocations
  8705 | Ossuary  | Reached skill level 7 in Fighting
  8705 | Ossuary  | Reached XP level 9. HP: 52/57 MP: 12/12
  9001 | Ossuary  | Reached skill level 11 in Fighting
  9001 | Ossuary  | Reached XP level 10. HP: 70/70 MP: 13/13
  9861 | D:6      | Killed Menkaure
 10484 | D:6      | Found a glowing silver altar of Zin.
 10553 | D:6      | Found an opulent altar of Gozag.
 11487 | D:7      | Found a radiant altar of Vehumet.
 11505 | D:7      | Found an ancient bone altar of Kikubaaqudgha.
 11512 | D:7      | Found a shimmering blue altar of Sif Muna.
 11587 | D:7      | Found a blossoming altar of Fedhas.
 11589 | D:7      | Found a stormy altar of Qazlal.
 12261 | D:7      | Reached skill level 12 in Fighting
 12425 | D:8      | Reached skill level 1 in Staves
 13135 | D:8      | Reached XP level 11. HP: 52/76 MP: 15/15
 13590 | D:9      | Noticed a two-headed ogre
 13600 | D:8      | Killed a two-headed ogre
 14124 | D:9      | Found a white marble altar of Elyvilon.
 14269 | D:9      | Found a bloodstained altar of Trog.
 14400 | D:9      | Noticed a two-headed ogre
 14783 | D:9      | Found a broken altar of Ashenzari.
 14896 | D:9      | Killed a two-headed ogre
 15097 | D:9      | Learned a level 1 spell: Apportation
 15114 | D:10     | Entered Level 10 of the Dungeon
 15156 | D:10     | Found a basalt altar of Yredelemnul.
 15246 | D:10     | Reached skill level 13 in Fighting
 15346 | D:10     | Found Oloip's General Store.
 15844 | D:10     | Found Dehynuur's Jewellery Boutique.
 15853 | D:10     | Bought a ring of see invisible for 150 gold pieces
 16322 | D:10     | Found a staircase to the Lair.
 16852 | D:11     | Found a staircase to the Orcish Mines.
 16977 | D:11     | Reached ****** piety under Lugonu
 17099 | D:11     | Noticed a two-headed ogre
 17102 | D:11     | Noticed Grum
 17105 | D:11     | Noticed a manticore
 17291 | D:11     | Killed a two-headed ogre
 17292 | D:11     | Reached XP level 12. HP: 78/84 MP: 15/18
 17458 | D:11     | Killed Grum
 17664 | Lair:1   | Entered Level 1 of the Lair of Beasts
 17665 | Lair:1   | Identified a +6 morningstar of distortion (a +4 morningstar
                  | of venom corrupted by Lugonu)
 17665 | Lair:1   | Received a gift from Lugonu
 17938 | Lair:1   | Reached skill level 14 in Fighting
 18018 | Lair:1   | Reached skill level 5 in Staves
 18194 | Lair:1   | Reached skill level 10 in Invocations
 18655 | Lair:2   | Found a staircase to the Snake Pit.
 18948 | Lair:2   | Reached XP level 13. HP: 85/91 MP: 17/20
 19269 | Lair:2   | Reached skill level 15 in Fighting
 20041 | Lair:3   | Noticed Gastronok
 20046 | Lair:3   | Banished Gastronok
 20870 | Lair:3   | Found a staircase to the Swamp.
 21188 | Lair:4   | Found a gate leading to a gauntlet.
 21197 | Gauntlet | Entered a Gauntlet
 21197 | Gauntlet | Found a transporter.
 21197 | Gauntlet | Found a transporter.
 21219 | Gauntlet | Found a transporter.
 21221 | Gauntlet | Found a transporter.
 21238 | Gauntlet | Found a transporter.
 21239 | Gauntlet | Found a transporter.
 21241 | Gauntlet | Found a large runed translucent door.
 21242 | Gauntlet | Found a large runed translucent door.
 21243 | Gauntlet | Found a large runed translucent door.
 21243 | Gauntlet | Found a large runed translucent door.
 21243 | Gauntlet | Found a runed translucent door.
 21243 | Gauntlet | Found a runed translucent door.
 21244 | Gauntlet | Found a large runed translucent door.
 21245 | Gauntlet | Found a large runed translucent door.
 21246 | Gauntlet | Found a large runed translucent door.
 21246 | Gauntlet | Found a large runed translucent door.
 21246 | Gauntlet | Found a large runed translucent door.
 21246 | Gauntlet | Found a large runed translucent door.
 21247 | Gauntlet | Found a large runed translucent door.
 21248 | Gauntlet | Found a large runed translucent door.
 21250 | Gauntlet | Found a large runed translucent door.
 21250 | Gauntlet | Found a large runed translucent door.
 21250 | Gauntlet | Found a large runed translucent door.
 21250 | Gauntlet | Found a large runed translucent door.
 21255 | Gauntlet | Found a runed translucent gate.
 21255 | Gauntlet | Found a runed translucent gate.
 21255 | Gauntlet | Found a runed translucent gate.
 21256 | Gauntlet | Noticed a quicksilver ooze
 21257 | Gauntlet | Found a transporter.
 21276 | Gauntlet | Found a transporter.
 21279 | Gauntlet | Found a transporter.
 21282 | Gauntlet | Found a transporter.
 21295 | Gauntlet | Found a transporter.
 21297 | Gauntlet | Found a transporter.
 21301 | Gauntlet | Found a runed translucent door.
 21418 | Gauntlet | Paralysed by a floating eye for 4 turns
 21531 | Gauntlet | Killed a quicksilver ooze
 21615 | Gauntlet | Identified the +5 plate armour "Inwej" {Rampage rF+ Int+2
                  | SInv}
 21615 | Gauntlet | Identified the amulet of Ajuick {Faith rElec rF- Slay-3
                  | Stlth+}
 21615 | Gauntlet | Noticed a minotaur
 21639 | Gauntlet | Banished a minotaur
 21640 | Gauntlet | Identified the +10 storm dragon scales "Suifuz" {Fly rElec
                  | rF+ Dex+10 Stlth-}
 22263 | Lair:4   | Reached skill level 16 in Fighting
 22310 | Lair:4   | Reached skill level 1 in Shields
 22440 | Lair:4   | Noticed Snorg
 22454 | Lair:4   | Killed Snorg
 22488 | Lair:4   | Gained mutation: Your large and strong wings let you fly.
                  | [Gargoyle growth]
 22488 | Lair:4   | Reached XP level 14. HP: 77/100 MP: 21/23
 22915 | Lair:5   | Entered Level 5 of the Lair of Beasts
 23481 | Lair:5   | Noticed Sonja
 23494 | Abyss:1  | Cast into level 1 of the Abyss (Sonja)
 23495 | Lair:5   | Escaped the Abyss
 24169 | Abyss:2  | Cast into level 2 of the Abyss (Sonja)
 24170 | Lair:5   | Escaped the Abyss
 24186 | Lair:5   | Killed Sonja
 24507 | Lair:5   | Found a staircase to the Slime Pits.
 24507 | Lair:5   | Found a viscous altar of Jiyva.
 24730 | Lair:5   | Reached skill level 17 in Fighting
 25427 | D:12     | Found a frozen archway.
 25444 | IceCv    | Entered an ice cave
 26221 | IceCv    | Got the Folio of Grisly Ozone
 26237 | IceCv    | Reached skill level 5 in Shields
 26867 | D:12     | Found a runed translucent gate.
 26868 | D:12     | Found a runed translucent gate.
 26871 | D:12     | Found a runed translucent gate.
 26916 | D:12     | Noticed Jod's ghost (journeyman MiFi)
 26916 | D:12     | Noticed DandyGuy's ghost (journeyman MiBe)
 26986 | Orc:1    | Entered Level 1 of the Orcish Mines
 26986 | Orc:1    | Noticed Erolcha
 27017 | D:11     | Killed Erolcha
 27150 | Orc:2    | Entered Level 2 of the Orcish Mines
 27150 | Orc:2    | Found a staircase to the Elven Halls.
 27159 | Orc:2    | Reached XP level 15. HP: 108/108 MP: 24/24
 27260 | Orc:2    | Noticed an orc warlord
 27486 | Orc:1    | Killed an orc warlord
 27925 | Orc:2    | Found Jysaoptoxiu's Distillery.
 28030 | Orc:2    | Found Xeky's Armour Shoppe.
 28277 | Orc:2    | Noticed Nessos
 28301 | Orc:2    | Banished Nessos
 28610 | Orc:2    | Found Odipnu's Antique Weapon Boutique.
 28663 | Orc:2    | Reached skill level 18 in Fighting
 28691 | Orc:2    | Found Sutul's Antique Weapon Emporium.
 28931 | Orc:2    | Noticed an orc warlord
 29012 | Orc:2    | Killed an orc warlord
 29340 | Orc:2    | Found Jeyczoar's Antique Armour Boutique.
 29341 | Orc:2    | Found Umop's Antique Weapon Shop.
 29420 | Orc:2    | Found Xeinluq's Magic Scroll Shoppe.
 29425 | Orc:2    | Bought a scroll of enchant weapon for 105 gold pieces
 29425 | Orc:2    | Bought a scroll of magic mapping for 105 gold pieces
 29555 | Orc:1    | Noticed Fannar
 29583 | Orc:1    | Killed Fannar
 29885 | D:13     | You are sucked into a shaft and drop 2 floors!
 29885 | D:15     | Entered Level 15 of the Dungeon
 30382 | D:14     | Noticed Roxanne
 30424 | D:13     | Found a portal to a secret trove of treasure.
 30428 | D:13     | Noticed Jorgrun
 30437 | D:13     | Killed Jorgrun
 30473 | D:13     | You paid a toll of 5 scrolls of blinking to enter a
                  | treasure trove
 30474 | Trove    | Entered a treasure trove
 30478 | Trove    | Found the ring of the Tortoise {AC+8}
 30494 | Trove    | Identified the ring of Otullel {rF+ MP+9 Str+3 Int+6}
 30496 | Trove    | Identified the ring "Wuenikh" {rN+ Int+2}
 30500 | Trove    | Identified the amulet "Fickep" {Reflect rCorr Str+4 SH+5}
 30502 | Trove    | Identified the ring of Senut {rF+ Will+}
 30507 | Trove    | Identified the amulet of Piusu {Reflect rC++ Slay+2 SH+5}
 30560 | D:13     | Found Ihufuaklu's Serpentskin Sales.
 30677 | D:13     | Noticed Azrael
 30692 | D:13     | Banished Azrael
 30853 | D:13     | Found a transporter.
 30853 | D:13     | Found the ring of the Octopus King
 30855 | D:13     | Found a shimmering blue altar of Sif Muna.
 30902 | D:13     | Noticed Kirke
 30918 | D:13     | Killed Kirke
 31819 | D:13     | Paralysed by a floating eye for 3 turns
 31839 | D:13     | Paralysed by a floating eye for 4 turns
 31847 | D:13     | Paralysed by a floating eye for 4 turns
 31862 | D:13     | Paralysed by a floating eye for 2 turns
 31881 | D:13     | Reached skill level 19 in Fighting
 31884 | D:13     | Got the Commentary on Foul Unhallowed Deeds
 31887 | D:13     | Identified a ring of the Octopus King {Wiz HP+2 AC+2 EV+2
                  | SH+2}
 31929 | D:13     | Reached skill level 1 in Dodging
 31941 | D:13     | Reached XP level 16. HP: 116/116 MP: 26/26
 31977 | D:13     | Found a transporter.
 32552 | D:14     | Found a gate to the Vaults.
 32831 | D:14     | Noticed Rupert
 32844 | D:14     | Killed Rupert
 34034 | D:14     | Learned a level 4 spell: Fulminant Prism
 34404 | D:15     | Reached skill level 1 in Conjurations
 34413 | D:15     | Reached skill level 1 in Hexes
 34603 | D:15     | Found a staircase to the Depths.
 34953 | D:5      | Found a one-way gate to the infinite horrors of the Abyss.
 34974 | D:5      | Banished Joseph's ghost
 35265 | Swamp:1  | Entered Level 1 of the Swamp
 35278 | Swamp:1  | Reached skill level 5 in Dodging
 35418 | Swamp:1  | Identified the +4 arbalest "Meucwumai" {vorpal, Drain rPois
                  | Dex+4}
 35922 | Swamp:2  | Reached skill level 20 in Fighting
 36315 | Swamp:2  | Noticed a fenstrider witch
 36318 | Swamp:2  | Banished a fenstrider witch
 36626 | Swamp:2  | Reached XP level 17. HP: 124/124 MP: 27/27
 37435 | Swamp:4  | Entered Level 4 of the Swamp
 37435 | Swamp:4  | Noticed a tentacled monstrosity
 37452 | Swamp:4  | Killed a tentacled monstrosity
 37972 | Swamp:4  | Reached skill level 10 in Shields
 38552 | Swamp:4  | Found a transporter.
 38554 | Swamp:4  | Noticed TheSexyCheese's ghost (adept HOFi)
 38622 | Swamp:4  | Found a transporter.
 39418 | Swamp:4  | Reached skill level 21 in Fighting
 39860 | Swamp:4  | Reached skill level 15 in Maces & Flails
 40099 | Swamp:4  | Found a blossoming altar of Fedhas.
 40359 | Swamp:4  | Found a basalt altar of Yredelemnul.
 40564 | Swamp:4  | Got a decaying rune of Zot
 40629 | Swamp:4  | Banished TheSexyCheese's ghost
 40630 | Swamp:4  | Reached XP level 18. HP: 110/132 MP: 28/28
 41068 | Orc:2    | Bought a crystal flail for 212 gold pieces
 41068 | Orc:2    | Identified the +5 flail of Fedhas's Pride {pain, Will+
                  | Dex-5 Stlth+} (You bought it in a shop on level 2 of the
                  | Orcish Mines)
 41234 | Snake:1  | Entered Level 1 of the Snake Pit
 42077 | Snake:1  | Reached skill level 1 in Axes
 43133 | Snake:2  | Got the Directory of Jinxing
 43290 | Snake:2  | Noticed Frances
 43325 | Snake:2  | Killed Frances
 43896 | Snake:3  | Identified a scroll of acquirement
 43896 | Snake:3  | Acquired a +3 eveningstar of draining
 43970 | Snake:3  | Reached skill level 22 in Fighting
 44245 | Snake:4  | Entered Level 4 of the Snake Pit
 44245 | Snake:4  | Noticed Nikola
 44248 | Snake:3  | Banished Nikola
 44538 | Snake:4  | Noticed Aizul
 44549 | Snake:4  | Reached skill level 10 in Dodging
 44562 | Snake:4  | Killed Aizul
 45048 | Snake:4  | Noticed Vashnia
 45536 | Snake:4  | Killed Vashnia
 45550 | Snake:4  | Reached XP level 19. HP: 126/140 MP: 29/29
 45623 | Snake:4  | Noticed Asterion
 45632 | Snake:4  | Banished Asterion
 46119 | Snake:4  | Reached skill level 5 in Axes
 46276 | Snake:4  | Got a serpentine rune of Zot
 46609 | Vaults:1 | Entered Level 1 of the Vaults
 46634 | Vaults:1 | Reached skill level 23 in Fighting
 47642 | Vaults:1 | Identified the +7 arbalest "Vaostaw" {penet, rElec rPois
                  | Stlth+}
 48119 | Vaults:1 | Found Kemoukimn's General Store.
 48347 | Vaults:1 | Bought a scroll of acquirement for 832 gold pieces
 48352 | Vaults:1 | Acquired a manual of Armour
 48713 | Vaults:1 | Found a runed translucent door.
 48713 | Vaults:1 | Noticed PhantomBowie's ghost (adept GrBe)
 48735 | Vaults:1 | Reached skill level 10 in Armour
 49239 | Vaults:1 | Reached skill level 24 in Fighting
 49276 | Vaults:1 | Reached XP level 20. HP: 150/150 MP: 30/30
 50001 | Vaults:2 | Reached skill level 1 in Ranged Weapons
 50017 | Vaults:2 | Found a gateway to a bazaar.
 50025 | Bazaar   | Entered a bazaar
 50025 | Bazaar   | Found Gemeat's Antique Armour Shop.
 50032 | Bazaar   | Found Edidod's Assorted Antiques.
 50039 | Bazaar   | Found Ruini's Armour Emporium.
 50072 | Bazaar   | Found Nateh's Book Emporium.
 50101 | Bazaar   | Bought a glowing plate armour for 988 gold pieces
 51109 | Vaults:3 | Noticed Xtahua
 51115 | Vaults:2 | Banished Xtahua
 51254 | Vaults:3 | Noticed Saint Roka
 51521 | Vaults:2 | HP: 2/151 [Saint Roka/divine providence (8)]
 52114 | Vaults:2 | Killed Saint Roka
 52864 | Vaults:3 | Found a staircase to the Crypt.
 52919 | Vaults:3 | Noticed Zenata
 52947 | Vaults:3 | Banished Zenata
 53308 | Vaults:3 | Identified the +2 leather armour "Tehoari" {Regen+ Int+3}
 54630 | Vaults:3 | Reached skill level 25 in Fighting
 54802 | Vaults:3 | Reached skill level 5 in Ranged Weapons
 55334 | Vaults:4 | Reached XP level 21. HP: 158/158 MP: 31/31
 55364 | Vaults:4 | Found a magical portal.
 55373 | WizLab   | Entered Alistair's Party Mansion
 56483 | WizLab   | Corrupted WizLab
 56483 | WizLab   | Noticed a bone dragon
 56493 | WizLab   | Noticed a dread lich
 56499 | WizLab   | Noticed an ancient lich
 56602 | WizLab   | Acquired 1102 gold pieces
 57262 | Vaults:4 | Noticed Bai Suzhen
 57589 | Vaults:3 | Killed Bai Suzhen
 58585 | Vaults:4 | Reached skill level 15 in Armour
 60280 | Elf:1    | Entered Level 1 of the Elven Halls
 60449 | Elf:1    | Reached skill level 26 in Fighting
 60463 | Elf:1    | Found Annickua's General Store.
 60473 | Elf:1    | Found Kimaahio's Weapon Shoppe.
 60474 | Elf:1    | Found Ixkeul's General Store.
 60474 | Elf:1    | Found Lynuus's Antique Weapon Boutique.
 60609 | Elf:1    | Found a runed translucent door.
 60609 | Elf:1    | Found a shimmering altar of Xom.
 60609 | Elf:1    | Noticed kingsuperguy's ghost (adept MiBe)
 60806 | Elf:1    | Reached XP level 22. HP: 166/166 MP: 32/32
 60936 | Elf:1    | Paralysed by an air elemental for 1 turns
 60940 | Elf:1    | Paralysed by an air elemental for 1 turns
 60946 | Elf:1    | Paralysed by an air elemental for 1 turns
 61059 | Elf:1    | Found Etagedo's Magic Scroll Boutique.
 61067 | Elf:1    | Bought a scroll of blinking for 135 gold pieces
 61067 | Elf:1    | Bought a scroll of blinking for 135 gold pieces
 61067 | Elf:1    | Bought a scroll of summoning for 171 gold pieces
 61390 | Elf:2    | Paralysed by an air elemental for 1 turns
 61668 | Elf:2    | Found a runed translucent gate.
 61668 | Elf:2    | Found a runed translucent gate.
 61668 | Elf:2    | Found a runed translucent gate.
 61720 | Elf:2    | Found Ucoir's General Store.
 61860 | Elf:2    | Paralysed by an air elemental for 1 turns
 62919 | Elf:3    | Entered Level 3 of the Elven Halls
 63093 | Elf:3    | Found Ora Cowk's Antique Armour Shoppe.
 63096 | Elf:3    | Bought a glowing plate armour for 650 gold pieces
 63096 | Elf:3    | Bought an embroidered cloak for 187 gold pieces
 63275 | Elf:3    | Found a runed translucent door.
 63275 | Elf:3    | Found a shimmering altar of Xom.
 63275 | Elf:3    | Noticed Heg Cuhi's ghost (adept MiFi)
 64803 | Elf:3    | Escaped the Abyss
 65584 | Elf:3    | Identified the +7 war axe "Xafaun" {holy, rF- rN+++ Str+4
                  | Dex+2}
 65602 | Abyss:2  | Cast into level 2 of the Abyss (a deep elf sorcerer)
 65624 | Elf:3    | Escaped the Abyss
 65928 | Elf:3    | Identified the +9 dagger of Defiance {speed, rCorr Dex+7}
 66049 | Abyss:3  | Cast into level 3 of the Abyss (a deep elf demonologist)
 66050 | Elf:3    | Escaped the Abyss
 66349 | Elf:3    | Identified the +1 chain mail of the Fisher {rElec rF- rCorr
                  | Slay+5}
 66635 | Elf:3    | Identified the +1 trident of the Hills {spect, Drain rF+
                  | rC- Int+8}
 66818 | Elf:3    | Identified the ring of the Cockroach {rC+ Int+3 Slay+4
                  | Stlth-}
 66819 | Elf:3    | Corrupted Elf:3
 67047 | Elf:3    | Identified the +7 shortbow "Kuida" {freeze, rElec Str-4
                  | Dex+3}
 67069 | Elf:3    | Identified the ring "Lyclogadd" {rCorr Str+3 Dex+2 Slay+4
                  | Stlth-}
 67698 | Depths:1 | Entered Level 1 of the Depths
 67732 | Depths:1 | Found a gateway to Hell.
 67823 | Depths:1 | Reached skill level 15 in Shields
 67980 | Depths:1 | Reached XP level 23. HP: 160/174 MP: 33/33
 68211 | Depths:1 | Found a transporter.
 68211 | Depths:1 | Found a transporter.
 68289 | Depths:1 | Found a transporter.
 68295 | Depths:1 | Found a transporter.
 68315 | Depths:1 | Found a transporter.
 68316 | Depths:1 | Found a transporter.
 68347 | Depths:1 | Noticed the Enchantress
 68369 | Depths:1 | Reached skill level 27 in Fighting
 68608 | Abyss:3  | Found a corrupted altar of Lugonu.
 68608 | Abyss:3  | Cast into level 3 of the Abyss (the Enchantress)
 68609 | D:15     | Escaped the Abyss
 68616 | D:15     | Banished the Enchantress
 68981 | Depths:2 | Found a one-way gate leading to the halls of Pandemonium.
 69685 | Depths:2 | Noticed a caustic shrike
 69704 | Depths:2 | Banished a caustic shrike
 69863 | Depths:2 | You are sucked into a shaft and drop 2 floors!
 69863 | Depths:4 | Entered Level 4 of the Depths
 70101 | Depths:2 | Found a one-way gateway to a ziggurat.
 70440 | Depths:2 | Corrupted Depths:2
 70449 | Zig:1    | Entered Level 1 of a ziggurat
 70472 | Zig:2    | Entered Level 2 of a ziggurat
 70472 | Zig:2    | Noticed a juggernaut
 70493 | Zig:2    | Killed a juggernaut
 70494 | Zig:2    | Reached skill level 1 in Short Blades
 70499 | Zig:2    | Identified the +6 sling of Equilibrium {freeze, rCorr
                  | Int+2}
 70557 | Zig:3    | Entered Level 3 of a ziggurat
 70564 | Zig:3    | Reached skill level 10 in Ranged Weapons
 70647 | Zig:4    | Entered Level 4 of a ziggurat
 70652 | Zig:4    | Noticed a shard shrike
 70671 | Zig:4    | Killed a shard shrike
 70988 | Zig:4    | Identified the +9 mace of Cass {holy, rN+ Int+2 Dex+7}
 70993 | Zig:5    | Entered Level 5 of a ziggurat
 71128 | Zig:5    | Found the +10 tower shield of Ignorance {rN+ Int-4}
 71152 | Zig:6    | Entered Level 6 of a ziggurat
 71213 | Zig:6    | Found the +8 Vampire's Tooth {vamp}
 71239 | Zig:6    | Identified the amulet "Duli" {Spirit rN+ Str+3 Dex-4}
 71254 | Zig:7    | Entered Level 7 of a ziggurat
 71569 | Zig:7    | Identified the +3 war axe "Zeiteph" {freeze, rF++ rN+
                  | Int+3}
 71625 | Zig:8    | Entered Level 8 of a ziggurat
 71867 | Zig:9    | Entered Level 9 of a ziggurat
 72100 | Zig:9    | Got the Enchiridion on Terra Firma
 72135 | Zig:10   | Entered Level 10 of a ziggurat
 72164 | Zig:10   | Gained mutation: Your body sometimes deteriorates upon
                  | taking damage. [a shining eye]
 72170 | Zig:10   | Gained mutation: You are clumsy. (Dex -2) [a shining eye]
 72173 | Zig:10   | Gained mutation: You occasionally lose the ability to drink
                  | potions when taking damage. [a shining eye]
 72176 | Zig:10   | Gained mutation: You sometimes lose the ability to drink
                  | potions when taking damage. [a shining eye]
 72178 | Zig:10   | Gained mutation: Your spells are a little easier to cast,
                  | but a little less powerful. [a shining eye]
 72188 | Zig:10   | Gained mutation: You are dopey. (Int -2) [a shining eye]
 72189 | Zig:10   | Gained mutation: Armour fits poorly on your strangely
                  | shaped body. [a shining eye]
 72193 | Zig:10   | Gained mutation: Your spells are easier to cast, but less
                  | powerful. [a shining eye]
 72198 | Zig:10   | Gained mutation: You have large cloven feet. [a shining
                  | eye]
 72375 | Zig:10   | Identified the ring of Joy {Fire rElec}
 72390 | Zig:10   | Identified the ring "Joikhuca" {rF- rCorr Str+6 Stlth+}
 72395 | Zig:11   | Entered Level 11 of a ziggurat
 72409 | Zig:11   | Noticed a golden dragon
 72450 | Zig:11   | Killed a golden dragon
 72453 | Zig:11   | Reached XP level 24. HP: 137/181 MP: 33/33
 72507 | Zig:11   | Reached skill level 15 in Dodging
 72875 | Zig:11   | Identified the +9 rapier "Nioveuq" {drain, Str+2}
 72881 | Zig:11   | Identified the amulet of the Loving Gods {Spirit +Inv
                  | rPois}
 72889 | Zig:11   | Identified the +7 chain mail of Xookin {Harm +Blink Str-5
                  | Int-5}
 72890 | Zig:11   | Identified the +11 falchion "Igox" {venom, Str+6 Stlth+}
 72939 | Depths:1 | stash
 73598 | Elf:3    | Bought a glowing scale mail for 175 gold pieces
 73830 | Elf:1    | Killed kingsuperguy's ghost
 74418 | Depths:3 | Noticed a caustic shrike
 74429 | Depths:2 | Banished a caustic shrike
 75242 | Depths:3 | Noticed Louise
 75259 | Depths:3 | Killed Louise
 75864 | Depths:3 | Found a glowing golden altar of the Shining One.
 76841 | Depths:4 | Reached skill level 5 in Short Blades
 76988 | Depths:4 | Found a burning altar of Makhleb.
 77194 | Depths:4 | Reached skill level 10 in Axes
 77280 | Depths:4 | Found a shimmering blue altar of Sif Muna.
 77702 | Depths:4 | Reached XP level 25. HP: 172/187 MP: 33/33
 77981 | Depths:4 | Found a gate to the Realm of Zot.
 77996 | Depths:4 | Corrupted Depths:4
 78281 | Depths:4 | Identified the +5 rapier of Vahamnau {speed, Str+9}
 78299 | Depths:4 | Found a radiant altar of Vehumet.
 78557 | Depths:4 | Found an iron altar of Okawaru.
 78678 | Depths:4 | Got the Volume of the Cloudy Arsonist
 78799 | Depths:4 | Noticed Margery
 78809 | Depths:4 | Banished Margery
 78980 | Depths:4 | Found a shimmering blue altar of Sif Muna.
 79029 | Depths:4 | Found an iron altar of Okawaru.
 79067 | Depths:4 | Found a gate to the Realm of Zot.
 79100 | Depths:4 | Found a burning altar of Makhleb.
 79163 | Depths:4 | Found a radiant altar of Vehumet.
 79786 | D:12     | Killed Jod's ghost
 79798 | D:12     | Killed DandyGuy's ghost
 79991 | Elf:3    | Killed Heg Cuhi's ghost
 79993 | Elf:3    | Identified the +1 long sword of Abuse {antimagic, rElec
                  | Str+6 Int-4 SInv}
 80220 | Vaults:1 | Killed PhantomBowie's ghost
 80389 | Elf:1    | Bought a potion of heal wounds for 80 gold pieces
 80394 | Elf:1    | Bought a potion of heal wounds for 95 gold pieces
 80439 | Orc:2    | Bought a potion of curing for 48 gold pieces
 80439 | Orc:2    | Bought a potion of heal wounds for 80 gold pieces
 80439 | Orc:2    | Bought a potion of curing for 48 gold pieces
 80439 | Orc:2    | Bought a potion of might for 64 gold pieces
 80650 | Depths:1 | Voluntarily entered the Abyss.
 80758 | Abyss:3  | Killed Azrael
 80768 | Depths:1 | Escaped the Abyss
 80863 | Depths:1 | Voluntarily entered the Abyss.
 80899 | Depths:1 | Escaped the Abyss
 80975 | Depths:1 | Voluntarily entered the Abyss.
 81017 | Abyss:3  | Killed Nessos
 81095 | Depths:1 | Escaped the Abyss
 81214 | Depths:1 | Voluntarily entered the Abyss.
 81250 | Abyss:4  | Got an abyssal rune of Zot
 81251 | Depths:1 | Escaped the Abyss
 81388 | Zot:1    | Entered Level 1 of the Realm of Zot
 82478 | Zot:1    | Found the +4 dragonskin cloak
 82478 | Zot:1    | Noticed Tiamat
 83768 | Zot:1    | Killed Tiamat
 84138 | Zot:1    | Found a runed translucent gate.
 84139 | Zot:1    | Found a runed translucent gate.
 84139 | Zot:1    | Found a runed translucent gate.
 84142 | Zot:1    | Noticed Pooter's ghost (veteran MiBe)
 84173 | Zot:1    | Found a viscous altar of Jiyva.
 84973 | Zot:2    | Reached XP level 26. HP: 189/193 MP: 33/33
 85378 | Zot:2    | Noticed a Killer Klown
 85419 | Zot:2    | Killed a Killer Klown
 85428 | Zot:2    | Noticed a Killer Klown
 85454 | Zot:2    | Killed a Killer Klown
 85491 | Zot:2    | Noticed a Killer Klown
 85503 | Zot:2    | Killed a Killer Klown
 85506 | Zot:2    | Noticed a Killer Klown
 85516 | Zot:2    | Killed a Killer Klown
 86247 | Zot:3    | Noticed an orb of fire
 86249 | Zot:3    | Gained mutation: Your spells are much easier to cast, but
                  | much less powerful. [an orb of fire]
 86266 | Zot:3    | Killed an orb of fire
 86634 | Zot:3    | Reached skill level 1 in Throwing
 86887 | Zot:3    | HP: 2/193 [purple draconian/bolt of dispelling energy[a
                  | white draconian stormcaller] (38)]
 86888 | Zot:3    | Killed from afar by a purple draconian

Illustrated notes

####..~≈~.........#####...
#...~................... ###
###...#........#.###..[.
####.####....##.........###....
#.......#......................
##..............................
#....#######...................:
##....## #^.................^.
####...# ##..)@................
##.##...####..>..................
.........#.....##.##.............
.##.##..##.....#©..#.............
.#©..#...#.......©...............
...©......#....#..©#.............
##..©###..#....##.##.............
##.## ##........................
#.# ###......##.##........).[.


Turn 72939 on Depths:1: stash

Levels and vault maps discovered:
D:1:      grunt_arrival_crossed_arrows, layout_loops_ring, kennysheep_boxes
D:2:      layout_loops_ring, uniq_natasha
D:3:      minmay_razor_zed, layout_basic,
          hellmonk_ecumenical_altar_slurped_away, dreamdust_princess_corridor
D:4:      layout_gridville, mainiacjoe_overflow_24_doors, temple_statues,
          minmay_misc_feat_four_crosses, minmay_ogre_servants, uniq_eustachio
D:5:      layout_loops_corners, nicolae_ru_awakened_eye,
          gammafunk_ghost_abyssal_escape, grunt_ministairs_9
D:6:      layout_basic, pdpol_temple_overflow_zin_treasury_gozag_greed,
          enter_ossuary_5, uniq_menkaure
D:7:      layout_gridville, grunt_temple_overflow_forces_of_nature,
          palyth_temple_overflow_mages
D:8:      layout_cave_pools, hex_tiny, kennysheep_kite_vault
D:9:      kennysheep_ambush_hall, layout_rooms, old_standard_altar,
          elyvilon_altar_4, mainiacjoe_overflow_alcove_4
D:10:     layout_stronghold, yredelemnul_altar_generic, erik_lair_dragon,
          serial_shops, nicolae_shop_hallway_plus, nicolae_inconvenience_store
D:11:     layout_rooms, uniq_grum
D:12:     layout_roguey, gammafunk_ghost_cemetery, portal_ice_cave_demonic_guard
D:13:     gammafunk_sealed_library, layout_basic,
          nicolae_trove_entry_free_sample, guppyfry_shop_venom, uniq_kirke,
          uniq_azrael, uniq_jorgrun
D:14:     layout_basic, david_vaults_2, nrook_pool_corridor, uniq_rupert,
          uniq_roxanne
D:15:     grunt_enter_depths_hoard, layout_basic, special_room
          [special_room_mythical_zoo], minivault_23, minmay_gold_behind_fungi,
          hangedman_decor_peaks_small
Temple:   chequers_temple_sunken
Lair:1:   minmay_lair_venomous_thicket, layout_regular_city,
          small_statue_intersection, chequers_serial_rivers_large_a
Lair:2:   wander_river, layout_cave_pods, guppyfry_snake_entry_garden,
          chequers_serial_rivers_micro_a
Lair:3:   layout_cave_pods, nicolae_swamp_entry_splash_gauntlet, uniq_gastronok
Lair:4:   layout_loops_ring, gauntlet_entry_generic,
          infiniplex_staircase_pool_2, uniq_snorg
Lair:5:   guppyfry_lair_end_dragon, layout_gridlike, slime_entry_1,
          grunt_forest_small_clearing_treed, grunt_megastairs_5, uniq_sonja
Swamp:1:  layout_basic_swamp, evilmike_swamp_ruin_house_3
Swamp:2:  layout_falls_marsh, hangedman_swamp_lotus
Swamp:3:  layout_basic_swamp, evilmike_swamp_ruin_house_1
Swamp:4:  byrel_swamp_growth_death_and_undeath, layout_basic_swamp,
          gammafunk_ghost_mausoleum, swamp_pool3
Snake:1:  layout_misc_corridors, library_closet
Snake:2:  layout_rooms, corexii_hall_statues_u, st_stairs_14, uniq_frances
Snake:3:  layout_rooms, grunt_ministairs_5, nicolae_fountain_basement
Snake:4:  grunt_snake_rune_pools, layout_gridlike, uniq_aizul, uniq_nikola,
          uniq_vashnia, uniq_asterion
Orc:1:    layout_diamond_mine, basic_altar, uniq_erolcha, uniq_fannar
Orc:2:    grunt_orc_community_town_hall, layout_diamond_mine,
          grunt_orc_community_big_house_2, grunt_orc_community_big_house_2,
          grunt_orc_community_house_2, grunt_orc_community_house_1,
          grunt_orc_community_house_2, grunt_orc_community_house_2,
          grunt_orc_community_house_1, serial_shops, nicolae_square_shop, shop,
          nicolae_shop_crystal, uniq_nessos
Elf:1:    layout_gridlike, ebering_ghost_xom, serial_shops, nicolae_shop_stone,
          minmay_elf_crystal_hexagon, amcnicky_mini_rare_corridor_liquid,
          nicolae_wooded_promenade
Elf:2:    nicolae_elf_blades_splatter_lattice [grunt_blade_entry_basic],
          layout_geoelf_octagon, serial_shops, nicolae_lakefront_shop,
          minivault_16
Elf:3:    minmay_elf_hall_hex, layout_loops_corners, serial_shops, shop,
          ebering_ghost_xom, st_stairs_12
Vaults:1: ebering_ghost_inner_flame, hangedman_vaults_nails,
          ontoclasm_vaults_eye, hangedman_vaults_locks,
          vaults_standard_mumra_lines, ontoclasm_vaults_claustrophobia,
          vaults_mumra_minichess, nicolae_vaults_yaktaur_gun_rack,
          vaults_mumra_bighexcomb, layout_vaults_omnicross, serial_shops,
          nicolae_diamond_shop
Vaults:2: vaults_dpeg_hooks, v_misc_17, hangedman_vaults_stretched_pinwheel,
          hangedman_vaults_stretched_pinwheel, nicolae_vaults_statue_guard,
          grunt_vaults_hallway_long, v_alt_pattern_2, nicolae_vaults_triangles,
          vaults_room_pools, v_misc_30, vaults_room_pool, v_misc_11,
          layout_vaults_ring, serial_shops, statue_bzr
Vaults:3: v_misc_3, nicolae_vaults_puzzle_piece,
          nicolae_vaults_network_quinsquares
          [nicolae_vaults_network_quincunx_subvault,
          nicolae_vaults_network_quincunx_subvault,
          nicolae_vaults_network_quincunx_subvault,
          nicolae_vaults_network_quincunx_subvault],
          minmay_crypt_entry_simple_walls, v_misc_31,
          nicolae_vaults_little_squares_1, nicolae_vaults_specimen_jars,
          hangedman_vaults_impose, nicolae_vaults_theta, v_misc_5,
          nicolae_vaults_windows_and_doors_thing, ontoclasm_vaults_fault,
          nicolae_vaults_ring_of_whatevers, vaults_room_pools, v_alt_pattern_3,
          vaults_room_pool, ontoclasm_vaults_bender, layout_vaults_maze,
          uniq_saint_roka, uniq_zenata, uniq_xtahua
Vaults:4: mu_enter_wizlab_4, vaults_mumra_chevron, vaults_mumra_hexcomb,
          vaults_room_boxed, v_misc_10, vaults_mumra_minichess_inversion,
          hangedman_vaults_nodes, vaults_room_large_hall, vaults_room_octagon,
          vaults_standard_mumra_x, vaults_room_guarded_vault,
          vaults_room_ringed_pool, layout_vaults_omnibox, uniq_bai_suzhen
Depths:1: layout_cave_pools, hell_entry, abyss_entry, minmay_misc_feat_encased,
          serial_nicolae_subway, nicolae_sub_station_metal,
          nicolae_sub_station_stone, nicolae_sub_station_crystal,
          uniq_enchantress
Depths:2: minmay_containers, layout_cave_shapes, enter_ziggurat_f, pan_entry,
          hell_entry, minmay_curled_crystal, serial_sigils_hangedman_shear,
          minmay_staircase_windowed_large
Depths:3: minmay_ornate_pinched, layout_honeycomb, nicolae_tso_carved_into_rock,
          nicolae_abyss_entry_one_way_or_another, rand_demon_pan_entry_5,
          pf_hell_entry_tar_spiral, grunt_ministairs_7
Depths:4: grunt_profane_halls [grunt_profane_temple_geh,
          grunt_profane_temple_tar, grunt_profane_temple_coc,
          grunt_profane_temple_dis, grunt_zot_portal], pan_entry, serial_shops,
          hell_entry, uniq_margery
Zot:1:    layout_misc_corridors, gammafunk_ghost_ooze, uniq_tiamat
Zot:2:    circus_mu, layout_basic
Zot:3:    layout_misc_corridors

Skill      XL: |  1  2  3  4  5  6  7  8  9 10 11 12 13 14 15 16 17 18 19 20 21 22 23 24 25 26 |
---------------+-------------------------------------------------------------------------------+-----
Maces & Flails | 3 4 5 6 7 11 12 13 14 15 | 15.4
Fighting       | 4 5 7 11 12 13 14 16 17 19 20 21 22 24 25 26 27 | 27.0
Armour         | 3 4 5 6 7 9 10 13 15 17 18 19 20 21 | 21.6
Invocations    | 3 4 5 6 8 10 12 13 14 | 14.0
Staves         | 2 4 5 6 |  6.7
Shields        | 2 5 7 9 10 11 13 15 17 18 | 18.5
Dodging        | 1 5 8 10 11 12 13 14 15 16 | 16.3
Conjurations   | 3 4 |  4.0
Hexes          | 2 4 |  4.0
Axes           | 4 7 8 10 11 | 11.5
Ranged Weapons | 5 7 8 10 12 13 14 | 14.3
Short Blades   | 3 5 6 |  6.7
Throwing       | 2 |  2.1

Action                   |  1- 3 |  4- 6 |  7- 9 | 10-12 | 13-15 | 16-18 | 19-21 | 22-24 | 25-27 || total
-------------------------+-------+-------+-------+-------+-------+-------+-------+-------+-------++-------
Melee: Mace              |    66 |   212 |   291 |    61 |       |       |       |       |       ||   630
       Punch             |     1 |     6 |     8 |     8 |     1 |     2 |    19 |     6 |       ||    51
       Morningstar       |       |       |       |   437 |  1075 |  1069 |  1049 |   921 |   734 ||  5285
       Lajatang          |       |       |       |    78 |       |       |       |       |       ||    78
       Scimitar          |       |       |       |       |    16 |       |       |       |       ||    16
       Battleaxe         |       |       |       |       |       |   134 |   181 |   153 |       ||   468
       Quick blade       |       |       |       |       |       |       |       |     3 |       ||     3
       War axe           |       |       |       |       |       |       |       |     4 |    83 ||    87
       Hand crossbow     |       |       |       |       |       |       |       |     1 |     2 ||     3
 Fire: Sling             |       |    39 |    93 |    29 |       |       |       |       |       ||   161
       Arbalest          |       |       |       |    94 |       |       |   314 |   530 |       ||   938
       Shortbow          |       |       |       |    24 |    54 |       |       |       |       ||    78
       Hand crossbow     |       |       |       |       |       |       |       |   187 |   401 ||   588
Throw: Stone             |     8 |     9 |       |       |       |       |       |       |       ||    17
       Dart              |       |     6 |     2 |     6 |    43 |    15 |    14 |    15 |       ||   101
       Javelin           |       |       |       |       |       |       |       |       |     7 ||     7
Invok: Bend Space        |       |     3 |     4 |     2 |     3 |     1 |       |     1 |     5 ||    19
       Brand Weapon With |       |       |       |     1 |       |       |       |       |       ||     1
       Depart the Abyss  |       |       |       |       |     2 |       |       |     4 |     4 ||    10
       Banish            |       |       |       |       |     3 |     2 |     6 |     1 |     4 ||    16
       Corrupt           |       |       |       |       |       |       |     1 |     2 |     1 ||     4
       Enter the Abyss   |       |       |       |       |       |       |       |     1 |       ||     1
Evoke: Wand              |       |     4 |     1 |       |       |     2 |       |    26 |    11 ||    44
       Phantom mirror    |       |       |       |       |       |       |     4 |       |     1 ||     5
       Condenser vane    |       |       |       |       |       |       |     1 |       |       ||     1
  Use: Scroll            |     3 |     4 |     7 |    17 |     7 |     6 |     8 |    10 |    16 ||    78
       Potion            |       |     2 |     2 |       |     7 |     1 |     4 |     6 |     3 ||    25
 Stab: Distracted        |       |       |       |       |       |       |       |       |     1 ||     1
Armor: Leather armour    |    10 |       |       |       |       |       |       |       |       ||    10
       Chain mail        |    14 |   184 |    21 |       |       |       |       |       |       ||   219
       Skin              |       |    11 |       |       |       |       |       |       |       ||    11
       Plate armour      |       |       |   273 |   342 |       |       |       |       |       ||   615
       Troll leather arm |       |       |       |   146 |    97 |       |       |       |       ||   243
       Acid dragon scale |       |       |       |     2 |       |       |       |       |       ||     2
       Storm dragon scal |       |       |       |       |   585 |   812 |  1168 |  1265 |    47 ||  3877
       Gold dragon scale |       |       |       |       |       |       |       |       |   653 ||   653
Dodge: Dodged            |    28 |    91 |   124 |   261 |   304 |   507 |   940 |  1081 |   214 ||  3550
Block: Buckler           |       |       |       |       |   230 |   499 |       |   127 |       ||   856
       Reflection        |       |       |       |       |     2 |   101 |    49 |    11 |       ||   163
       Kite shield       |       |       |       |       |       |    92 |   317 |       |       ||   409
       Other             |       |       |       |       |       |    53 |   261 |   235 |       ||   549
       Tower shield      |       |       |       |       |       |       |       |   319 |  1202 ||  1521
